Workbook
Name \0: #REF!
Name \00: #REF!
Name \a: #REF!
Name \AA: #REF!
Name \b: #REF!
Name \bb: #REF!
Name \c: #N/A
Name \E: #REF!
Name \EE: #REF!
Name \G: #REF!
Name \i: #N/A
Name \k: #REF!
Name \l: #REF!
Name \M: #REF!
Name \ñ: #REF!
Name \P: #REF!
Name \R: #REF!
Name \s: #REF!
Name \t: #N/A
Name \V: #REF!
Name \X: #N/A
Name \Z: #N/A
Name _____________INF1: #REF!
Name ____________INF1: #REF!
Name ___________INF1: #REF!
Name __________AIU1: #REF!
Name __________AIU2: #REF!
Name __________Cod1: #REF!
Name __________INF1: #REF!
Name __________Pa2: #N/A
Name __________Pa3: #N/A
Name __________Pa4: #N/A
Name __________Po2: #REF!
Name __________ST166: #N/A
Name __________TPE8016: #N/A
Name __________TPE8020: #N/A
Name __________TPE8025: #N/A
Name __________TPN1002: #N/A
Name __________TPN1003: #N/A
Name __________TPN1004: #N/A
Name __________TPN1006: #N/A
Name __________TPN1008: #N/A
Name __________TPN1202: #N/A
Name __________TPN1203: #N/A
Name __________TPN1204: #N/A
Name __________TPN1206: #N/A
Name __________TPN1208: #N/A
Name __________TPN16012: #N/A
Name __________TPN1602: #N/A
Name __________TPN1603: #N/A
Name __________TPN1604: #N/A
Name __________TPN1606: #N/A
Name __________TPN1608: #N/A
Name __________TUZ22: #N/A
Name __________TUZ36: #N/A
Name __________TZ323: #N/A
Name __________TZ324: #N/A
Name _________AFC1: #REF!
Name _________AFC3: #REF!
Name _________AFC5: #REF!

Sheet INTERVENTORÍA
A3: #VALUE! | C3: ADECUACION ESE BELLOSALUD BELLO - ANTIOQUIA CENTRO DE SALUD MARUCHENGA | G3: #VALUE!
A6: PRESUPUESTO INTERVENTORÍA
A8: ITEM | B8: CÓDIGO | C8: DESCRIPCIÓN | D8: CANT | E8: VALOR MENSUAL | F8: PREST. SOC. (solo informativo) | G8: DEDIC. % | H8: PLAZO | I8: VALOR PARCIAL
A10: A | B10: COSTOS DIRECTOS DE PERSONAL | I10: =IFERROR(IF(SUM(I19:I19)=0,"",SUM(I19:I19)),"") -> 50508000
A12: 1 | B12: EQUIPO PROFESIONAL | I12: =IFERROR(IF(SUM(I13:I15)=0,"",SUM(I13:I15)),"") -> 24400000
A13: =IF(C13="","",A12+0.1) -> 1.1 | C13: Director de Interventoría | D13: 1 | E13: 6000000 | G13: 0.2 | H13: 4 | I13: =+IF(D13=0,"",IFERROR(D13*(E13)*G13*H13,"")) -> 4800000
A14: =IF(C14="","",A13+0.1) -> 1.2 | C14: Residente de Interventoría | D14: 1 | E14: 4000000 | G14: 1 | H14: =+H13 -> 4 | I14: =+IF(D14=0,"",IFERROR(D14*(E14)*G14*H14,"")) -> 16000000
A15: =IF(C15="","",A14+0.1) -> 1.3 | C15: Tecnólogo SST de Interventoría | D15: 1 | E15: 3000000 | G15: 0.3 | H15: =+H14 -> 4 | I15: =+IF(D15=0,"",IFERROR(D15*(E15)*G15*H15,"")) -> 3600000
A16: 2 | B16: APLICACIÓN FACTOR MULTIPLICADOR
A17: =IF(C17="","",A16+0.1) -> 2.1 | C17: SUBTOTAL COSTOS DE PERSONAL | I17: =IF(SUM(I12)=0,"",SUM(I12)) -> 24400000
A18: =IF(C18="","",A17+0.1) -> 2.2 | C18: FACTOR MULTIPLICADOR | I18: =+'FM INTERVENTORÍA'!G36 -> 2.07
A19: =IF(C19="","",A18+0.1) -> 2.3 | C19: VALOR TOTAL COSTOS DE PERSONAL | I19: =+IFERROR(I17*I18,"") -> 50508000
B21: TOTAL COSTOS DIRECTOS DE PERSONAL | I21: =SUM(I19) -> 50508000
A23: B | B23: OTROS COSTOS DIRECTOS | I23: =+I25+I31 -> 0
A25: 3 | B25: GASTOS DE TRANSPORTE, ALQUILER DE EQUIPO Y OTROS (SE PAGAN CONTRA FACTURA Y RESULTADOS SI APLICA): | I25: =SUM(I27:I29) -> 2280000
A26: =IF(C26="","",A25+0.1) -> 3.1 | C26: PAPELERÍA | D26: 1 | E26: 446000 | H26: =+H15 -> 4 | I26: =+IFERROR(D26*E26*H26,"") -> 1784000
A27: =IF(C27="","",A26+0.1) -> 3.2 | C27: COMUNICACIONES (TELÉFONO, FAX, CELULAR, INTERNET, ETC.) MENSUAL EN CAMPO | D27: 1 | E27: 120000 | H27: =+H26 -> 4 | I27: =+IFERROR(D27*E27*H27,"") -> 480000
A28: =IF(C28="","",A27+0.1) -> 3.3 | C28: TARIFA PUESTO DE TRABAJO DEL PERSONAL DE OFICINA DE CAMPO, INCLUYE: ALQUILER DE UN (1) EQUIPO DE COMPUTO COMPLETO, ESCRITORIO, SILLA Y OTROS ENSERES DE OFICINA POR PUESTO DE TRABAJO | D28: 1 | E28: 300000 | H28: =+H27 -> 4 | I28: =+IFERROR(D28*E28*H28,"") -> 1200000
A29: =IF(C29="","",A28+0.1) -> 3.4 | C29: IMPRESORA EN OBRA (ALQUILER) | D29: 1 | E29: 150000 | H29: =+H28 -> 4 | I29: =+IFERROR(D29*E29*H29,"") -> 600000
A31: 4 | B31: OTROS COSTOS (SE PAGAN CONTRA FACTURA Y RESULTADOS SI APLICA): | I31: =IF(SUM(I32:I33)=0,0,SUM(I32:I33)) -> 3908161
A32: =IF(C32="","",A31+0.1) -> 4.1 | C32: PROVISIÓN PARA EL PAGO DE PRIMAS DE PÓLIZAS (GARANTÍAS) | I32: =+'INTERVENTORÍA_PÓLIZAS '!H28 -> 574792
A33: =IF(C33="","",A32+0.1) -> 4.2 | C33: TASAS Y CONTRIBUCIONES | I33: =+INTERVENTORIA_LEGALIZACIÓN!F19 -> 3333369
A35: VALOR BÁSICO TOTAL | I35: =IFERROR(IF(SUM(I23,I10)=0,"",ROUND(SUM(I23,I10),0)),"") -> 58480161
A36: IVA | H36: 0.19 | I36: =+IFERROR(ROUND(I35*H36,0),"") -> 11111231
A37: TOTAL INTERVENTORÍA | I37: =IF(I35="","",SUM(I35:I36)) -> 69591392
C43: CESAR AUGUSTO ARANGO SERNA
C44: GERENTE
C45: ESE BELLOSALUD

Sheet FM INTERVENTORÍA
A2: =+INTERVENTORÍA!A3 -> #VALUE! | B2: =+INTERVENTORÍA!C3 -> ADECUACION ESE BELLOSALUD BELLO - ANTIOQUIA CENTRO DE SALUD MARUCHENGA | F2: =+INTERVENTORÍA!G3 -> #VALUE!
A5: FACTOR MULTIPLICADOR INTERVENTORÍA
A7: 1 | B7: SALARIO BÁSICO | G7: =SUM(G8) -> 1
A8: 1.1 | B8: SALARIO BÁSICO | G8: 1
A9: 2 | B9: PRESTACIONES SOCIALES | G9: =SUM(G10:G22) -> 0.6579
A10: 2.1 | B10: PRIMA ANUAL | G10: 0.0833
A11: 2.2 | B11: CESANTÍA ANUAL | G11: 0.0833
A12: 2.3 | B12: INTERÉS A LAS CESANTÍAS | G12: 0.01
A13: 2.4 | B13: VACACIONES ANUALES | G13: 0.0417
A14: 2.5 | B14: EPS | G14: 0.125
A15: 2.6 | B15: PENSIONES (AFP) | G15: 0.16
A16: 2.7 | B16: SENA
A17: 2.8 | B17: ICBF
A18: 2.9 | B18: SUBSIDIO FAMILIAR (CAJA DE COMPENSACIÓN) | G18: 0.04
A19: 2.1 | B19: ARP 6,96 % NORMAL | G19: 0.0696
A20: 2.11 | B20: DOTACIÓN | G20: 0.015
A21: 2.12 | B21: EPP | G21: 0.02
A22: 2.13 | B22: EXÁMENES DE INGRESO - EGRESO | G22: 0.01
A23: 3 | B23: COSTOS INDIRECTOS | C23: VR. TOPE MENSUAL A RECONOCER | D23: % RECONOCIMIENTO | E23: PLAZO CONTRATO | F23: VALOR A RECONOCER | G23: =SUM(G24:G30) -> 0.19262295
A24: 3.1 | B24: COSTOS OFICINA (ARRENDAMIENTO,ADMINISTRACIÓN Y SERVICIOS PÚBLICOS, MANTENIMIENTO DE OFICINAS, ASEO, VIGILANCIA, SEGUROS DE ROBO E INCENDIO, ALQUILER (O DEPRECIACIÓN) Y MANTENIMIENTO DE VEHÍCULOS DE ADMINISTRACIÓN Y GERENCIA, ASOCIACIONES PROFESIONALES, DOCUMENTACIÓN TÉCNICA, REVISTAS, REPRESENTACIÓN Y PROMOCIÓN, PREPARACIÓN Y EDICIÓN DE PROPUESTAS, GASTOS DE VIAJE, GASTOS DE REPRESENTACIÓN) | C24: 4000000 | D24: 0.05 | E24: =+INTERVENTORÍA!H13 -> 4 | F24: =+IFERROR(C24*D24*E24,"") -> 800000 | G24: =+IFERROR(F24/INTERVENTORÍA!$I$17,"") -> 0.032786885
A25: 3.2 | B25: PAPELERÍA DE LA OFICINA DEL CONSULTOR PARA USO DEL PROYECTO (CAFETERÍA Y OTROS GASTOS FUNCIONAMIENTO | C25: 500000 | D25: 0.05 | E25: =+E24 -> 4 | F25: =+IFERROR(C25*D25*E25,"") -> 100000 | G25: =+IFERROR(F25/INTERVENTORÍA!$I$17,"") -> 0.0040983607
A26: 3.3 | B26: MUEBLES Y EQUIPOS DE OFICINA, PAGO PROGRAMAS, SISTEMATIZACIÓN Y ACTUALIZACIÓN TECNOLÓGICA, RACK. | C26: 2000000 | D26: 0.05 | E26: =+E25 -> 4 | F26: =+IFERROR(C26*D26*E26,"") -> 400000 | G26: =+IFERROR(F26/INTERVENTORÍA!$I$17,"") -> 0.016393443
A27: 3.4 | B27: PERSONAL ADMINISTRATIVO, TÉCNICO Y NO TÉCNICO, NO FACTURABLE, ENTRENAMIENTO DE PERSONAL, CAPACITACIÓN Y ACTUALIZACIÓN TÉCNICA (CURSOS, SEMINARIOS, CONGRESOS). | C27: 5000000 | D27: 0.05 | E27: =+E26 -> 4 | F27: =+IFERROR(C27*D27*E27,"") -> 1000000 | G27: =+IFERROR(F27/INTERVENTORÍA!$I$17,"") -> 0.040983607
A28: 3.5 | B28: ASESORÍA CONTABLE, TRIBUTARIA (REVISORÍA FISCAL) Y MÉDICA | C28: 3000000 | D28: 0.05 | E28: =+E27 -> 4 | F28: =+IFERROR(C28*D28*E28,"") -> 600000 | G28: =+IFERROR(F28/INTERVENTORÍA!$I$17,"") -> 0.024590164
A29: 3.6 | B29: OTROS GASTOS BANCARIOS | C29: 5000000 | D29: 0.05 | E29: =+E28 -> 4 | F29: =+IFERROR(C29*D29*E29,"") -> 1000000 | G29: =+IFERROR(F29/INTERVENTORÍA!$I$17,"") -> 0.040983607
A30: 3.7 | B30: CAPACITACIONES, SEGURIDAD INDUSTRIAL Y OCUPACIONAL, Y PUBLICACIONES DEL PROYECTO | C30: 2000000 | D30: 0.1 | E30: =+E29 -> 4 | F30: =+IFERROR(C30*D30*E30,"") -> 800000 | G30: =+IFERROR(F30/INTERVENTORÍA!$I$17,"") -> 0.032786885
A31: 4 | B31: GASTOS DE LEGALIZACIÓN DE CONTRATO | G31: =SUM(G32:G32) -> 0
A32: 4.1 | B32: OTROS COSTOS INDIRECTOS
A33: 5 | B33: HONORARIOS | G33: =SUM(G34) -> 0.22206275
A34: 5.1 | B34: HONORARIOS | F34: 0.12 | G34: =+F34*(G31+G23+G9+G7) -> 0.22206275
A35: SUBTOTAL | G35: =IFERROR(SUM(G33,G31,G23,G9,G7),"") -> 2.0725857
A36: FACTOR MULTIPLICADOR AJUSTADO A 2 CIFRAS DECIMALES | G36: =+IFERROR(ROUND(G35,2),"") -> 2.07
B40: CESAR AUGUSTO ARANGO SERNA
B41: GERENTE
B42: ESE BELLOSALUD

Sheet INTERVENTORÍA_PÓLIZAS 
C2: =+INTERVENTORÍA!A3 -> #VALUE! | D2: =+INTERVENTORÍA!C3 -> ADECUACION ESE BELLOSALUD BELLO - ANTIOQUIA CENTRO DE SALUD MARUCHENGA | H2: =+INTERVENTORÍA!G3 -> #VALUE!
C5: VALOR GASTOS LEGALIZACIÓN - PÓLIZAS
C7: VALOR DEL CONTRATO ( $ ) | D7: =+INTERVENTORÍA!I37 -> 69591392
C8: PLAZO DEL CONTRATO (Dias) | D8: =+F8*30 -> 120 | F8: =+INTERVENTORÍA!H13 -> 4 | G8: meses
C9: ANTICIPO | D9: 0.4 | E9: Digitar % de anticipo | F9: =+D7*D9 -> 27836557 | G9: Pesos
E11: APORTES | F11: =+D7-D11 -> 69591392
C12: TIPO DE GARANTÍA | D12: VALOR ASEGURADO | F12: COBERTURA (Dias ) | G12: TASA anual | H12: PRIMA
D13: % | E13: VALOR
C14: Cumplimiento | D14: 0.2 | E14: =D7*D14 -> 13918278 | F14: =IF(D8=0,0,D8+(6*30)) -> 300 | G14: 0.003 | H14: =(E14*G14)/360*F14 -> 34795.696
C15: Salarios y Prestaciones Sociales | D15: 0.3 | E15: =+D15*D7 -> 20877418 | F15: =IF(D8=0,0,D8+(3*360)) -> 1200 | G15: 0.003 | H15: =(E15*G15)/360*F15 -> 208774.18
C16: Calidad del servicio | D16: 0.2 | E16: =+D16*D7 -> 13918278 | F16: =IF(D8=0,0,5*360) -> 1800 | G16: 0.003 | H16: =(E16*G16)/360*F16 -> 208774.18
C17: Correcta inversión del anticipo | D17: 1 | E17: =+F9 -> 27836557 | F17: =IF(D9=0,0,5*360) -> 1800 | G17: 0.003 | H17: =(E17*G17)/360*F17 -> 417548.35
C18: Subtotal Prima | H18: =H14+H15+H16 -> 452344.05 | L18: X
C19: Gastos de expedición | H19: =+IF(D7=0,0,30674) -> 30674
C20: I.V.A. | H20: =IFERROR((H18+H19)*19%,0) -> 91773.429
C21: TOTAL POLIZAS | H21: =IF(F8="","",IFERROR(ROUNDUP(H18+H19+H20,0),0)) -> 574792
C23: Relación | D23: =IFERROR(H21/D7,0) -> 0.0082595273
L27: CONCEPTO | M27: Valor
C28: TOTAL GASTOS LEGALIZACION | H28: =H21 -> 574792 | L28: MANO DE OBRA | M28: 1274853408
J29: 1. Doscientos (200) SMMLV para contratos cuyo valor sea inferior o igual a mil quinientos (1.500) SMMLV. | L29: PERSONAL ADMINISTRACION | M29: 122937908
J30: 2. Trescientos (300) SMMLV para contratos cuyo valor sea superior a mil quinientos (1.500) SMMLV e inferior o igual a dos mil quinientos (2.500) SMMLV. | L30: SUMA PERSONAL | M30: =+SUM(M28:M29) -> 1397791316
J31: 3. Cuatrocientos (400) SMMLV para contratos cuyo valor sea superior a dos mil quinientos (2.500) SMMLV e inferior o igual a cinco mil (5.000) SMMLV. | L31: VALOR INCUMPLIMIENTP 100% incumplim SAL Y PRES | M31: =+M30 -> 1397791316
E32: CESAR AUGUSTO ARANGO SERNA | J32: 4. Quinientos (500) SMMLV para contratos cuyo valor sea superior a cinco mil (5.000) SMMLV e inferior o igual a diez mil (10.000) SMMLV. | L32: % RESPECTO A VALOR TOTAL | M32: 0.2379
E33: GERENTE | J33: 5. El cinco por ciento (5%) del valor del contrato cuando este sea superior a diez mil (10.000) SMMLV, caso en el cual el valor asegurado debe ser máximo setenta y cinco mil (75.000) SMMLV. | L33: =+IF(D7>=5000000000,50%,100%) -> 1 | M33: =+M32*L33 -> 0.2379 | N33: * Valor del contrato es igual o superior a cinco mil (5.000) millones se toma el 50% del valor para asegurar. * Valor del contrato es inferior a cinco mil (5.000) millones se toma el 100% del valor para asegurar.
E34: ESE BELLOSALUD | J34: La vigencia de esta garantía deberá ser igual al período de ejecución del contrato.

Sheet INTERVENTORIA_LEGALIZACIÓN
A2: =+INTERVENTORÍA!A3 -> #VALUE! | B2: =+INTERVENTORÍA!C3 -> ADECUACION ESE BELLOSALUD BELLO - ANTIOQUIA CENTRO DE SALUD MARUCHENGA | F2: =+INTERVENTORÍA!G3 -> #VALUE!
A5: VALOR GASTOS LEGALIZACION - TASAS Y CONTRIBUCIONES
A8: VALOR DEL CONTRATO ( $ ) | B8: =+INTERVENTORÍA!I35 -> 58480161
A9: TOTAL DEL CONTRATO SIN 50% DEL 4/1000 (Para efectos de calculo de impuesto y estampillas) | B9: =+INTERVENTORÍA!I35 -> 58480161 | D9: APORTE NACIÓN | E9: =+B8 -> 58480161
A10: Total del contrato SIN 50% del 4/1000, NI estampillas) para efectos del calculo del impuesto al gravamen financiero | B10: =+B9-SUM(F12:F18) -> 55146792 | D10: APORTE MUNICIPIO | E10: 0
A12: Estampilla Pro Cultura 0.50% MUNICIPIO | B12: 0.005 | F12: =ROUND($B$9*B12,0) -> 292401
A13: Estampilla Pro universidad de antioquia (0.2%) MUNICIPIO | B13: 0.002 | F13: =ROUND($B$9*B13,0) -> 116960
A14: Estampilla Proadulto mayor 2% MUNICIPIO | B14: 0.02 | F14: =ROUND($B$9*B14,0) -> 1169603
A15: Industria y comercio MUNICIPIO (10x1000) | F15: =ROUND($B$9*B15,0) -> 0
A16: Estampilla pro justicia MUNICIPIO | B16: 0.02 | F16: =ROUND($B$9*B16,0) -> 1169603
A17: Tasa Prodeporte y recreación 1% MUNICIPIO | B17: 0.01 | F17: =ROUND($E$9*B17,0) -> 584802
F18: =ROUND($E$9*B18,0) -> 0
A19: OTROS COSTOS INDIRECTOS - TASAS Y CONTRIBUCIONES | F19: =+SUM(F12:F18) -> 3333369
B20: =+SUM(B12:B18) -> 0.057
C23: CESAR AUGUSTO ARANGO SERNA
C24: GERENTE
C25: ESE BELLOSALUD
